 Dungeon Crawl Stone Soup version 0.26.1 (webtiles) character file.

Game seed: 6222854167910122012

61 Gadfly the Cudgeller (level 4, -2/44 HPs)
             Began as an Ogre Gladiator on Feb 7, 2021.
             Killed from afar by a white imp (9 damage)
             ... with a puff of frost
             ... summoned by Natasha
             ... on level 2 of the Dungeon.
             The game lasted 00:02:08 (1814 turns).

Gadfly the Cudgeller (Ogre Gladiator)               Turns: 1814, Time: 00:02:09

Health: -2/44      AC:  0    Str: 19    XL:     4   Next: 7%
Magic:  5/5        EV: 20    Int:  9    God:
Gold:   80         SH:  0    Dex: 15    Spells: 3/3 levels left

rFire    . . .     SeeInvis .   (weapon currently unavailable)
rCold    . . .     Faith    .   (shield currently unavailable)
rNeg     . . .     Spirit   .   (armour currently unavailable)
rPois    .         Reflect  .   (helmet currently unavailable)
rElec    .         Harm     .   (cloak currently unavailable)
rCorr    .         Rampage  .   (gloves unavailable)
Will     .....                  (boots unavailable)
Stlth    +.........             (no amulet)
HPRegen  0.14/turn              (ring currently unavailable)
MPRegen  0.09/turn              (ring currently unavailable)

@: bat-form, flying, very quick
A: tiny, unfitting armour
a: Stop Flying


You were on level 2 of the Dungeon.
You were in bat-form.
You visited 1 branch of the dungeon, and saw 2 of its levels.

You collected 80 gold pieces.

Inventory:

Hand Weapons
 a - a +0 flail (melded)
Missiles
 d - 3 throwing nets
 f - 72 stones (quivered)
Armour
 b - a +0 robe (melded)
 c - a +0 hat (melded)
Jewellery
 e - an uncursed amulet of faith
Potions
 g - a potion of berserk rage {unknown}
 i - a potion of curing {unknown}
 j - a potion of heal wounds {unknown}
 m - a potion of lignification {unknown}


   Skills:
 - Level 2.6 Fighting
 + Level 2.8 Maces & Flails
 + Level 2.2 Throwing
 * Level 1.2 Armour
 - Level 2.6 Dodging
 * Level 2.0 Invocations
 * Level 1.2 Evocations


You had 3 spell levels left.
You didn't know any spells.
Your spell library was empty.

Dungeon Overview and Level Annotations

Branches:
Dungeon (2/15)

Altars:

Annotations:
D:2 Natasha


Innate Abilities, Weirdness & Mutations

You are too large for most types of armour.
((You have tough skin. (AC +1)))


Message History

Natasha mumbles some strange words.
You feel troubled. Natasha misses you. The white imp misses you.
You closely miss Natasha.
Natasha is severely wounded.
Natasha claws you! The white imp closely misses you.
You barely miss Natasha.
Natasha is severely wounded.
Natasha completely misses you.
You hit Natasha.
Natasha is severely wounded.
The white imp hits you.
* * * LOW HITPOINT WARNING * * *
The white imp freezes you.
* * * LOW HITPOINT WARNING * * *
Natasha zaps a wand.
Natasha zaps a wand.
The white imp gestures at you. The puff of frost hits you!
You die...

.... ..... .###... .....
.... ........ ..... ..#
###.##...#### #.5 ...
..#.##.#....##. ##. #.#
#.#.##.#....... #. #.#
#.#.#..[)...#.. #.
####.####.#.#...)..........
#.......#.b....#.####.#....
#.......#.#...##.### #####
#...###<#.)5........# .
##.. #.#.#.#h##.##.# ## ###
#.....#....#
#...........#####
.......#.###.# ..........
.# .....#######.#


You could see Natasha and a white imp (summoned).

Vanquished Creatures
  2 adders
  A dart slug (D:1)
  2 ball pythons (D:1)
  2 giant cockroaches
  9 goblins
  6 hobgoblins
  3 jackals (D:1)
  2 bats (D:1)
  3 frilled lizards (D:1)
  3 kobolds (D:1)
  6 rats
39 creatures vanquished.

Notes
Turn   | Place    | Note
-------+----------+-------------------------------------------
     0 | D:1      | Gadfly the Ogre Gladiator began the quest for the Orb.
     0 | D:1      | Reached XP level 1. HP: 22/22 MP: 1/1
    55 | D:1      | HP: 1/22 [ball python (2)]
    65 | D:1      | Reached XP level 2. HP: 2/29 MP: 2/2
   662 | D:1      | Reached skill level 1 in Invocations
   857 | D:1      | Reached XP level 3. HP: 27/36 MP: 3/3
  1248 | D:2      | Reached skill level 1 in Evocations
  1248 | D:2      | Noticed Natasha
  1271 | D:1      | Reached skill level 1 in Armour
  1770 | D:2      | Reached XP level 4. HP: 42/44 MP: 5/5
  1814 | D:2      | Killed from afar by a white imp

Illustrated notes

Levels and vault maps discovered:
D:1:      dpeg_arrival_rooms_b, layout_rooms
D:2:      layout_basic, kennysheep_okawaru_gauntlet, uniq_crazy_yiuf_cottage,
          uniq_natasha, uniq_sigmund

Skill      XL: |  1  2  3 |
---------------+----------+-----
Invocations    | 1 2 |  2.0
Evocations     | 1 |  1.2
Armour         | 1 |  1.2
Fighting       | |  2.6
Maces & Flails | |  2.8
Throwing       | |  2.2
Dodging        | |  2.6

Action                   |  1- 3 |  4- 6 || total
-------------------------+-------+-------++-------
Melee: Flail             |   136 |     9 ||   145
       Unarmed           |       |     4 ||     4
Throw: Stone             |    22 |       ||    22
  Use: Scroll            |     3 |       ||     3
Armor: Robe              |    55 |     1 ||    56
Dodge: Dodged            |    94 |    11 ||   105
